 Dungeon Crawl Stone Soup version 0.23-a0-183-gf37f6fb (webtiles) character file.

7070 Felrender the Carver (level 10, -2/79 HPs)
             Began as a Demonspawn Fighter on Sept 22, 2018.
             Was an Elder of Okawaru.
             Killed from afar by an ice statue (15 damage)
             ... with a bolt of cold
             ... on level 9 of the Dungeon.
             The game lasted 00:24:27 (8760 turns).

Felrender the Carver (Demonspawn Fighter)           Turns: 8760, Time: 00:24:28

Health: -2/79      AC: 19    Str: 20    XL:     10   Next: 84%
Magic:  10/10      EV:  6    Int:  7    God:    Okawaru [****..]
Gold:   485        SH: 12    Dex: 12    Spells: 9/9 levels left

rFire    . . .     SeeInvis .   q - +0 hand crossbow
rCold    . . .     Gourm    .   b - +2 shield
rNeg     . . .     Faith    .   m - +0 plate armour
rPois    +         Spirit   .   (helmet unavailable)
rElec    +         Reflect  .   e - +0 cloak
rCorr    .         Harm     .   u - +1 pair of gloves
MR       .....                  (no boots)
Stlth    ..........             z - amulet of Foruycvi {RegenMP rElec rPois Int-3}
HPRegen  0.23/turn              (no ring)
MPRegen  0.37/turn              (no ring)

@: no status effects
A: horns 3, yellow scales 1, spiny 2, rot immunity
a: Heroism, Renounce Religion


You were on level 9 of the Dungeon.
You worshipped Okawaru.
Okawaru was greatly pleased with you.
You were not hungry.

You visited 1 branch of the dungeon, and saw 9 of its levels.
You also visited: Sewer.

You collected 485 gold pieces.

Inventory:

Hand Weapons
 a - a +1 long sword
 d - a +0 hand axe of chopping
 q - a +0 hand crossbow (weapon)
 A - a +3 falchion
 J - a +2 scimitar of flaming
 L - a cursed +2 scimitar
 N - a cursed +7 great sword
 O - a +3 halberd
Missiles
 s - 47 bolts (quivered)
Armour
 b - a +2 shield (worn)
 e - a +0 cloak (worn)
 m - a +0 plate armour (worn)
 u - a +1 pair of gloves (worn)
 F - the +1 robe of the King of the Hill {*Slow rN+++ Dex+4 Stlth+}
   (You found it on level 6 of the Dungeon)

   It affects your dexterity (+4).
   It renders you almost immune to negative energy.
   It may slow you when you take damage.
   It makes you more stealthy.
Jewellery
 p - an uncursed amulet of faith
 z - the amulet of Foruycvi (around neck) {RegenMP rElec rPois Int-3}
   (You found it on level 5 of the Dungeon)

   [amulet of magic regeneration]

   It increases your magic regeneration.
   It affects your intelligence (-3).
   It insulates you from electricity.
   It protects you from poison.
 B - a cursed -2 ring of dexterity {unknown}
 H - a cursed ring of teleportation {unknown}
 I - a cursed amulet of inaccuracy {unknown}
 K - a cursed amulet of inaccuracy {unknown}
 P - an uncursed ring of ice {unknown}
Wands
 g - a wand of random effects (14)
 C - a wand of paralysis (2)
 D - a wand of flame (37)
 E - a wand of iceblast (8)
Scrolls
 h - 3 scrolls of blinking
 l - 2 scrolls of fog
 w - 2 scrolls of remove curse
 y - 5 scrolls of teleportation
Potions
 i - 5 potions of agility
 j - 2 potions of magic
 k - a potion of cancellation
 n - 6 potions of flight
 o - a potion of invisibility
 r - 5 potions of curing
 t - 2 potions of brilliance {unknown}
 v - 3 potions of might
 x - 2 potions of mutation {unknown}
 G - a potion of lignification {unknown}
Comestibles
 f - 14 rations
 R - 4 chunks of flesh


   Skills:
 + Level 7.4 Fighting
 + Level 9.3 Long Blades
 + Level 8.4 Armour
 + Level 3.2 Dodging
 + Level 1.3 Stealth
 + Level 6.7 Shields


You had 9 spell levels left.
You didn't know any spells.
Your spell library was empty.

Dungeon Overview and Level Annotations

Branches:
Dungeon (9/15)             Temple (0/1) D:7
   Lair: D:8-11         Orc: D:9-12

Altars:
Cheibriados
Dithmenos
Elyvilon
Fedhas
Hepliaklqana
Kikubaaqudgha
Nemelex Xobeh
Okawaru
Qazlal
Ru
Sif Muna
Trog
Vehumet

Shops:
D:6 :

Annotations:
D:4 Menkaure
D:9 exclusion: ice statue


Innate Abilities, Weirdness & Mutations

You have a pair of large horns on your head.
You are partially covered in yellow scales. (AC +2)
You are mostly covered in sharp spines.
You are immune to rotting.


Message History

The ice statue gestures.
Firing (i - inventory)
s - 49 bolts (quivered)
Press: ? - help, Shift-Dir - straight line, f/p - ice statue
Aim: an ice statue You shoot a bolt.
The bolt hits the ice statue but does no damage.
You are engulfed in freezing vapours.
Firing (i - inventory)
s - 48 bolts (quivered)
Press: ? - help, Shift-Dir - straight line, f/p - ice statue
Aim: an ice statue You shoot a bolt.
The bolt hits the ice statue.
The ice statue is lightly damaged.
You are engulfed in freezing vapours.
* * * LOW HITPOINT WARNING * * *
The ice statue gestures at you. The bolt of cold misses you.
The ice statue gestures at you.
The bolt of cold hits the ice beast.
The ice beast completely resists.
The bolt of cold hits you!
You die...

######
#..§§#######
#...§@§....#
#..§§§§§...#
#####...##§##...#
##.##...≈#)Y|#≈..#
#.......≈≈(8!≈≈ #
#.......≈#:(§#≈.
#........##≈##...
#.........≈≈§....
#..........§....


You could see an ice statue and an ice beast.

Vanquished Creatures
  Erica (D:8)
  The ghost of Zephyr93 the Skirmisher, a novice MiFi (D:7)
  The ghost of barkas the Caller, a novice DsSu (D:4)
  A hippogriff (D:8)
  Sigmund (D:4)
  A spriggan (D:7)
  5 humans (D:8)
  3 yaks (D:9)
  A water moccasin (D:8)
  An orc warrior (D:7)
  An ice beast (D:7)
  4 phantoms
  5 centaurs
  3 ogres
  5 big kobolds
  Blork the orc (D:4)
  4 bullfrogs
  A gnoll sergeant (D:9)
  5 scorpions
  4 killer bees (D:7)
  8 wights (D:8)
  A bullfrog zombie (D:7)
  3 crimson imps
  3 hounds
  A centaur zombie (D:6)
  Crazy Yiuf (D:2)
  2 jellies (D:7)
  A centaur skeleton (D:7)
  An orc priest (D:7)
  A bullfrog skeleton (D:9)
  Terence (D:2)
  An iguana (D:5)
  7 orc wizards
  7 worker ants
  A hound skeleton (D:5)
  A worker ant zombie (D:8)
  9 gnolls
  A howler monkey skeleton (D:9)
  13 adders
  A river rat (D:4)
  3 shadow imps
  An ooze (D:2)
  An adder skeleton (D:5)
  2 adder zombies
  A worm (D:4)
  A dart slug (D:2)
  6 leopard geckos
  22 orcs
  4 giant cockroaches
  6 goblins
  7 hobgoblins
  16 jackals
  22 kobolds
  9 quokkas
  2 ball pythons (Sewer)
  10 bats
  3 frilled lizards
  A jackal zombie (D:7)
  A leopard gecko zombie (D:7)
  A quokka zombie (D:5)
  10 rats
  A fungus (D:2)
243 creatures vanquished.

Notes
Turn   | Place    | Note
-------+----------+-------------------------------------------
     0 | D:1      | Felrender the Demonspawn Fighter began the quest for the
                  | Orb.
     0 | D:1      | Reached XP level 1. HP: 18/18 MP: 1/1
    14 | D:1      | Gained mutation: You are immune to rotting. [demonic
                  | ancestry]
    14 | D:1      | Reached XP level 2. HP: 22/24 MP: 2/2
   391 | D:1      | Gained mutation: You are partially covered in sharp spines.
                  | [demonic ancestry]
   391 | D:1      | Reached XP level 3. HP: 29/29 MP: 3/3
   603 | D:2      | Reached skill level 2 in Long Blades
   974 | D:2      | Noticed Terence
   975 | D:2      | Reached XP level 4. HP: 35/35 MP: 4/4
   990 | D:2      | Killed Terence
  1311 | D:2      | Noticed a moth of wrath
  1314 | D:2      | Found a bloodstained altar of Trog.
  1327 | D:2      | Reached skill level 3 in Long Blades
  1469 | D:2      | Found a runed door.
  1473 | D:2      | Noticed Crazy Yiuf
  1484 | D:2      | Killed Crazy Yiuf
  1484 | D:2      | Gained mutation: You are partially covered in yellow
                  | scales. (AC +2) [demonic ancestry]
  1484 | D:2      | Reached XP level 5. HP: 18/41 MP: 5/5
  1749 | D:3      | Found an iron altar of Okawaru.
  1760 | D:3      | Became a worshipper of Warmaster Okawaru
  1987 | D:3      | Noticed a phantom
  2022 | D:3      | Killed a phantom
  2353 | D:4      | Gained mutation: You have a pair of small horns on your
                  | head. [demonic ancestry]
  2353 | D:4      | Reached XP level 6. HP: 46/48 MP: 6/6
  2402 | D:4      | Noticed Sigmund
  2427 | D:4      | Killed Sigmund
  2427 | D:4      | Reached skill level 4 in Long Blades
  2427 | D:4      | Reached skill level 1 in Dodging
  2547 | D:4      | Found a blossoming altar of Fedhas.
  2551 | D:4      | Noticed Menkaure
  2595 | D:4      | Found a runed door.
  2595 | D:4      | Noticed barkas's ghost (novice DsSu)
  2611 | D:4      | Killed barkas's ghost
  2611 | D:4      | Reached * piety under Okawaru
  2611 | D:4      | Gained mutation: You have a pair of horns on your head.
                  | [demonic ancestry]
  2611 | D:4      | Reached XP level 7. HP: 31/55 MP: 7/7
  2840 | D:4      | Found a white marble altar of Elyvilon.
  2852 | D:4      | Noticed Blork the orc
  2864 | D:4      | Killed Blork the orc
  2864 | D:4      | Reached skill level 5 in Long Blades
  2878 | D:4      | Found a glowing drain.
  2887 | Sewer    | Entered a sewer
  3034 | Sewer    | Gained mutation: You have a pair of large horns on your
                  | head. [demonic ancestry]
  3034 | Sewer    | Reached XP level 8. HP: 43/61 MP: 8/8
  3038 | Sewer    | Reached skill level 5 in Armour
  3367 | D:4      | Reached ** piety under Okawaru
  3716 | D:5      | Entered Level 5 of the Dungeon
  3952 | D:5      | Reached skill level 5 in Fighting
  4035 | D:5      | Found a blossoming altar of Fedhas.
  4040 | D:5      | Found a radiant altar of Vehumet.
  4040 | D:5      | Found an ancient bone altar of Kikubaaqudgha.
  4040 | D:5      | Found a snail-covered altar of Cheibriados.
  4041 | D:5      | Found a hazy altar of Hepliaklqana.
  4042 | D:5      | Found a deep blue altar of Sif Muna.
  4043 | D:5      | Found an iron altar of Okawaru.
  4093 | D:5      | Found a shadowy altar of Dithmenos.
  4141 | D:5      | Got a faintly glowing silver amulet
  4189 | D:5      | Reached skill level 6 in Long Blades
  4605 | D:5      | Reached skill level 5 in Shields
  4975 | D:6      | Reached XP level 9. HP: 62/68 MP: 9/9
  5054 | D:6      | Reached *** piety under Okawaru
  5141 | D:6      | Found Eddem's Book Shop.
  5249 | D:6      | Found a stormy altar of Qazlal.
  5458 | D:6      | Got a thick robe
  5550 | D:7      | Reached skill level 7 in Long Blades
  5579 | D:7      | Identified the amulet of Foruycvi {RegenMP rElec rPois
                  | Int-3} (You found it on level 5 of the Dungeon)
  6070 | D:7      | Reached **** piety under Okawaru
  6180 | D:7      | Found a staircase to the Ecumenical Temple.
  6541 | D:7      | Identified the +1 robe of the King of the Hill {*Slow rN+++
                  | Dex+4 Stlth+} (You found it on level 6 of the Dungeon)
  6637 | D:7      | Reached skill level 8 in Long Blades
  6669 | D:7      | Found a sparkling altar of Nemelex Xobeh.
  6669 | D:7      | Found a sacrificial altar of Ru.
  6705 | D:7      | Found a runed door.
  6706 | D:7      | Noticed Zephyr93's ghost (novice MiFi)
  6742 | D:7      | Killed Zephyr93's ghost
  6742 | D:7      | Gained mutation: You are mostly covered in sharp spines.
                  | [demonic ancestry]
  6742 | D:7      | Reached XP level 10. HP: 71/77 MP: 10/10
  6827 | D:8      | Reached skill level 1 in Stealth
  7014 | D:8      | Found a shadowy altar of Dithmenos.
  7015 | D:8      | Found a bloodstained altar of Trog.
  7017 | D:8      | Noticed Erica
  7045 | D:8      | Killed Erica
  7216 | D:8      | Reached skill level 9 in Long Blades
  8040 | D:9      | Paralysed by a gnoll for 5 turns
  8053 | D:9      | Paralysed by a gnoll for 6 turns
  8720 | D:9      | Noticed an ice statue
  8760 | D:9      | Killed from afar by an ice statue

Vault maps used:
D:1:      dpeg_arrival_fog
D:2:      tgw_trog, uniq_crazy_yiuf_cottage, uniq_terence
D:3:      okawaru_ov_weapons_minmay
D:4:      nicolae_overflow_hidden_temple, ebering_ghost_reflecting_pool,
          cheibrodos_sewer_entry_sluice, wad_floor_pattern_untrapped,
          fedhas_altar_1, uniq_blork_the_orc, uniq_sigmund, uniq_menkaure
D:5:      minitemple, first_ration, nicolae_dithmenos_shadow_blocks
D:6:      lemuel_round_altar, serial_shops, nicolae_shop_statue_plus
D:7:      gammafunk_temple_overflow_elements, temple_pool_b,
          gammafunk_ghost_grave, the_bakery
D:8:      grunt_temple_overflow_open, minmay_ruffians, uniq_erica
D:9:      minivault_15
Sewer:    kennysheep_pipe_town

Skill      XL: |  1  2  3  4  5  6  7  8  9 10 |
---------------+-------------------------------+-----
Shields        | 3 4 5 6 |  6.7
Armour         | 3 4 5 6 8 |  8.4
Long Blades    | 2 3 4 5 6 8 9 |  9.3
Fighting       | 4 5 6 7 |  7.4
Dodging        | 1 3 |  3.2
Stealth        | 1 |  1.3

Action                   |  1- 3 |  4- 6 |  7- 9 | 10-12 || total
-------------------------+-------+-------+-------+-------++-------
Melee: Long sword        |    78 |   137 |   324 |   172 ||   711
       Headbutt          |       |     7 |    71 |    35 ||   113
 Fire: Hand crossbow     |       |       |       |     4 ||     4
  Use: Scroll            |     5 |     7 |     6 |     8 ||    26
       Potion            |       |     1 |     2 |     3 ||     6
  Eat: Chunk             |       |     2 |     4 |     1 ||     7
       Ration            |       |     1 |     3 |     2 ||     6
Armor: Scale mail        |    33 |    60 |    79 |       ||   172
       Plate armour      |       |       |    35 |   100 ||   135
Dodge: Dodged            |    27 |    47 |    77 |    40 ||   191
Block: Shield            |    54 |    58 |   149 |    89 ||   350
       Rpst.: Long sword |     3 |    13 |    27 |     8 ||    51

Table legend:
 A = Non-vault XP
 B = Vault XP
 C = Vault XP percentage of total XP
 D = Non-vault monster count
 E = Vault monster count
 F = Vault count percentage of total count
                 A         B        C        D         E       F
            +---------+---------+-------+---------+---------+-------
      Total |    5976 |    4125 |  40.8 |     197 |      45 |  18.6
            +---------+---------+-------+---------+---------+-------
        D:1 |      47 |       0 |   0.0 |      20 |       0 |   0.0
        D:2 |      90 |      85 |  48.6 |      28 |       7 |  20.0
        D:3 |     141 |       0 |   0.0 |       9 |       0 |   0.0
        D:4 |     287 |     722 |  71.6 |      16 |       6 |  27.3
        D:5 |     841 |       0 |   0.0 |      23 |       0 |   0.0
        D:6 |     657 |       0 |   0.0 |      17 |       0 |   0.0
        D:7 |    1571 |     973 |  38.2 |      40 |       2 |   4.8
        D:8 |    1339 |    1921 |  58.9 |      26 |       6 |  18.8
        D:9 |    1003 |       0 |   0.0 |      18 |       0 |   0.0
      Sewer |       0 |     424 | 100.0 |       0 |      24 | 100.0
            +---------+---------+-------+---------+---------+-------
